 Dungeon Crawl Stone Soup version 0.23.2 (webtiles) character file.

Game seed: 15773545583077246014

118 Marnok the Skirmisher (level 4, 0/37 HPs)
             Began as a Demonspawn Fighter on Apr 11, 2019.
             Killed by divine providence
             ... invoked by an orc priest
              (14 damage)
             ... on level 3 of the Dungeon.
             The game lasted 00:04:02 (2077 turns).

Marnok the Skirmisher (Demonspawn Fighter)          Turns: 2077, Time: 00:04:03

Health: 0/37       AC:  9    Str: 16    XL:     4   Next: 72%
Magic:  4/4        EV: 12    Int: 10    God:
Gold:   94         SH:  9    Dex: 13    Spells: 3/3 levels left

rFire    . . .     SeeInvis .   a - +0 war axe
rCold    . . .     Gourm    .   c - +0 shield
rNeg     . . .     Faith    .   b - +0 scale mail
rPois    .         Spirit   .   (no helmet)
rElec    .         Reflect  .   (no cloak)
rCorr    .         Harm     .   k - +0 pair of gloves
MR       .....                  s - +0 pair of boots
Stlth    +.........             (no amulet)
HPRegen  0.12/turn              i - +5 ring of evasion
MPRegen  0.09/turn              (no ring)

@: no status effects
A: nightstalker 1
a: no special abilities


You were on level 3 of the Dungeon.
You were not hungry.

You visited 1 branch of the dungeon, and saw 3 of its levels.

You collected 94 gold pieces.

Inventory:

Hand Weapons
 a - a +0 war axe (weapon)
Armour
 b - a +0 scale mail (worn)
 c - a +0 shield (worn)
 k - a +0 pair of gloves (worn)
 s - a +0 pair of boots (worn)
Jewellery
 i - a +5 ring of evasion (left hand)
Scrolls
 e - 4 scrolls of identify {unknown}
 h - a scroll of remove curse {unknown}
 p - a scroll of blinking {unknown}
 r - 2 scrolls of teleportation {unknown}
 t - 2 scrolls of amnesia {unknown}
 u - a scroll of fog {unknown}
Potions
 d - a potion of might
 g - 2 potions of curing {unknown}
 j - a potion of agility {unknown}
 l - a potion of heal wounds {unknown}
 m - a potion of mutation {unknown}
 n - a potion of lignification {unknown}
 o - a potion of degeneration {unknown}
Comestibles
 f - 7 rations
 q - 2 chunks of flesh


   Skills:
 + Level 3.7 Fighting
 + Level 3.1 Axes
 + Level 3.2 Armour
 + Level 0.3 Dodging
 + Level 0.1 Stealth
 + Level 3.1 Shields


You had 3 spell levels left.
You didn't know any spells.
Your spell library was empty.

Dungeon Overview and Level Annotations

Branches:
Dungeon (3/15)

Altars:
Yredelemnul


Innate Abilities, Weirdness & Mutations

You are slightly more attuned to the shadows.


Message History

You hit the orc priest but do no damage.
The orc priest is heavily wounded.
You barely miss the orc wizard. You block the orc wizard's attack.
The orc wizard closely misses you. The orc priest misses you.
You block the orc wizard's attack.
You hit the orc priest.
The orc priest is heavily wounded.
You closely miss the orc wizard.
The orc priest hits you but does no damage.
The orc wizard closely misses you.
The orc wizard hits you but does no damage.
The orc priest closely misses you.
Some of the chunks of flesh in your inventory have rotted away.
You hit the orc priest.
The orc priest is severely wounded.
You closely miss the orc wizard.
The orc wizard hits you but does no damage.
The orc priest mumbles some strange prayers to Beogh against you.
Beogh smites you!
You die...

....... .......
....... #.....#
####.##.>###
..#.##....#
#.#.###.#.#
#o#.....#.# #
#o@.....#.#
#.#########.#
#...........#
####..#######
.#.....#
###.#.##.## #..
#.##.#
#.###.##.###
####.....#....#


You could see an orc priest and an orc wizard.

Vanquished Creatures
  Jessica (D:2)
  3 adders
  An ooze (D:1)
  3 worms (D:2)
  3 dart slugs (D:2)
  3 leopard geckos
  An orc (D:3)
  2 giant cockroaches (D:1)
  7 hobgoblins
  2 jackals (D:1)
  2 ball pythons (D:2)
  2 bats (D:1)
  3 frilled lizards
  4 goblins
  4 kobolds
  3 rats
44 creatures vanquished.

Notes
Turn   | Place    | Note
-------+----------+-------------------------------------------
     0 | D:1      | Marnok the Demonspawn Fighter began the quest for the Orb.
     0 | D:1      | Reached XP level 1. HP: 18/18 MP: 1/1
   375 | D:1      | Gained mutation: You are slightly more attuned to the
                  | shadows. [demonic ancestry]
   375 | D:1      | Reached XP level 2. HP: 19/24 MP: 2/2
   997 | D:2      | Found a basalt altar of Yredelemnul.
  1023 | D:2      | Reached XP level 3. HP: 24/29 MP: 3/3
  1469 | D:2      | Noticed Jessica
  1471 | D:2      | Killed Jessica
  1471 | D:2      | Reached XP level 4. HP: 34/37 MP: 4/4
  2077 | D:3      | Killed from afar by an orc priest

Skill      XL: |  1  2  3  4 |
---------------+-------------+-----
Axes           | 2 3 |  3.1
Shields        | 3 |  3.1
Armour         | 3 |  3.2
Fighting       | |  3.7
Dodging        | |  0.3
Stealth        | |  0.1

Action                   |  1- 3 |  4- 6 || total
-------------------------+-------+-------++-------
Melee: War axe           |    97 |    61 ||   158
  Eat: Chunk             |     2 |     2 ||     4
Armor: Scale mail        |    30 |    18 ||    48
Dodge: Dodged            |    34 |    30 ||    64
Block: Shield            |    43 |    29 ||    72
